 Dungeon Crawl Stone Soup version 0.31.0-32-g396128a36d (webtiles) character file.

Game seed: 6437974948800566309

614 AdnanSaban the Cudgeller (level 7, 0/44 HPs)
             Began as a Gargoyle Fighter on Apr 13, 2024.
             Slain by an orc warrior
             ... wielding a +0 halberd
              (5 damage)
             ... on level 4 of the Dungeon.
             The game lasted 00:10:08 (4494 turns).

AdnanSaban the Cudgeller (Gargoyle Fighter)         Turns: 4494, Time: 00:10:08

Health: 0/44       AC: 19    Str: 21    XL:     7   Next: 44%
Magic:  7/7        EV:  6    Int:  9    God:
Gold:   190        SH:  4    Dex:  9    Spells: 6/6 levels left

rFire   + . .        s - +0 whip of Roech {pain, rF+ Will+ Stlth+}
rCold   . . .        c - +0 buckler
rNeg    + . .        t - +0 plate armour
rPois   ∞            (no helmet)
rElec   +            x - +0 cloak
rCorr   .            l - +0 pair of gloves
SInv    .            (no boots)
Will    +....        (no amulet) Stlth
                     (no ring)
HPRegen 0.27/turn    (no ring)
MPRegen 0.10/turn

%: no passive effects
@: studying Staves
A: sickness immunity, AC +4, negative energy resistance 1, electricity
resistance, torment resistance 1, petrification resistance
a: no special abilities


You were on level 4 of the Dungeon.
You visited 1 branch of the dungeon, and saw 4 of its levels.

You collected 190 gold pieces.

Inventory:

Hand Weapons
 m - a +0 morningstar
 s - the +0 whip of Roech (weapon) {pain, rF+ Will+ Stlth+}
   (You found it on level 3 of the Dungeon)

   rF+:       It protects you from fire.
   Will+:     It increases your willpower.
   Stlth+:    It makes you more stealthy.
Missiles
 e - 15 poisoned darts (quivered)
Armour
 c - a +0 buckler (worn)
 l - a +0 pair of gloves (worn)
 t - a +0 plate armour (worn)
 x - a +0 cloak (worn)
Wands
 n - a wand of charming (7)
 v - a wand of flame (11)
Scrolls
 b - a scroll of poison {unknown}
 f - 2 scrolls of acquirement {unknown}
 g - 2 scrolls of amnesia {unknown}
 h - 2 scrolls of blinking {unknown}
 k - a scroll of brand weapon {unknown}
 o - a scroll of silence {unknown}
 p - a scroll of enchant weapon {unknown}
 u - a scroll of teleportation {unknown}
 w - a scroll of revelation {unknown}
 y - a scroll of fear {unknown}
 z - a scroll of identify {unknown}
 A - a scroll of immolation {unknown}
 B - 3 scrolls of noise {unknown}
Potions
 a - 3 potions of brilliance {unknown}
 d - a potion of might
 i - 3 potions of curing {unknown}
 j - a potion of mutation {unknown}
 q - a potion of degeneration {unknown}
 r - a potion of enlightenment {unknown}
 C - a potion of magic {unknown}
 D - a potion of ambrosia {unknown}


   Skills:
 + Level 5.0 Fighting
 + Level 5.6 Maces & Flails
 + Level 0.3 Throwing
 + Level 4.8 Armour
 + Level 0.9 Dodging
 + Level 4.3 Shields


You had 6 spell levels left.
You didn't know any spells.
Your spell library contained the following spells:

 Spells                   Type           Power      Damage    Failure   Level
 Mercury Vapours          Alch/Air       0%         N/A       100%        2
 Gell's Gravitas          Tloc           0%         N/A       100%        3
 Teleport Other           Tloc           0%         N/A       100%        3
 Dispersal                Tloc           0%         N/A       100%        6


Dungeon Overview and Level Annotations

Branches:
Dungeon (4/15)
 Temple: D:4-7

Altars:
Sif Muna


Innate Abilities, Weirdness & Mutations

You are immune to sickness and miasma.
Your stone body is resilient. (AC +4)
You are immune to poison.
You resist negative energy. (rN+)
You are resistant to electric shocks. (rElec)
You are resistant to unholy torment.
You are immune to petrification.


Message History

You hit the orc warrior.
The orc warrior is lightly wounded.
You closely miss the orc warrior.
The orc warrior is lightly wounded.
The orc warrior barely misses you.
You hit the orc warrior but do no damage.
The orc warrior is lightly wounded.
The orc warrior hits you but does no damage.
You barely miss the orc warrior.
The orc warrior is lightly wounded.
You block the orc warrior's attack.
You hit the orc warrior but do no damage.
The orc warrior is lightly wounded.
The orc warrior hits you with a +0 halberd!
You hit the orc warrior but do no damage.
The orc warrior is lightly wounded.
The orc warrior hits you with a +0 halberd.
You closely miss the orc warrior.
The orc warrior is lightly wounded.
The orc warrior hits you with a +0 halberd!
You are too injured to fight recklessly!
You are too injured to fight recklessly!
You are too injured to fight recklessly!
You are too injured to fight recklessly!
You are too injured to fight recklessly!
You are too injured to fight recklessly!
You are too injured to fight recklessly!
You are too injured to fight recklessly!
You are too injured to fight recklessly!
You are too injured to fight recklessly!
You are too injured to fight recklessly!
You are too injured to fight recklessly!
You are too injured to fight recklessly!
You are too injured to fight recklessly!
You are too injured to fight recklessly!
The orc warrior hits you from afar with a +0 halberd!
* * * LOW HITPOINT WARNING * * *
There is a stone staircase leading up here.
The orc warrior hits you from afar with a +0 halberd.
You die...

.....## #..# #.###.# ######
#..# #.....# #..# #..####
#[.###### #.>#
#...o...#########..#
#.##..(............#
#)##.##o#########..###
#.##.##.# #....# #.##.##@#
#..#.### #.##.##.#
#####.......
######.##.##.#####.)....#....
#....).............######.###
#.##########.####### #.# #.#
#.# #.# #.# #.# #.# #.# #.#
#.### #.# #.# #....


You could see an orc warrior.

Vanquished Creatures
  An ice beast (D:3)
  A scorpion (D:4)
  2 orc priests
  3 bombardier beetles
  Jessica (D:3)
  2 orc wizards
  Natasha (thrice) (D:3)
  4 adders
  2 dart slugs
  4 ribbon worms
  7 orcs
  14 endoplasms
  6 giant cockroaches
  6 goblins
  9 hobgoblins
  7 jackals
  4 quokkas
  10 ball pythons
  4 bats
  9 kobolds
  6 rats
105 creatures vanquished.

Notes
Turn   | Place    | Note
-------+----------+-------------------------------------------
     0 | D:1      | AdnanSaban the Gargoyle Fighter began the quest for the
                  | Orb.
     0 | D:1      | Reached XP level 1. HP: 14/14 MP: 1/1
    67 | D:1      | Reached XP level 2. HP: 14/19 MP: 2/2
   493 | D:2      | Reached XP level 3. HP: 18/24 MP: 3/3
   728 | D:2      | Reached XP level 4. HP: 29/29 MP: 4/4
   998 | D:3      | Identified the +0 whip of Roech {pain, rF+ Will+ Stlth+}
  1410 | D:3      | Noticed Jessica
  1416 | D:3      | Killed Jessica
  1417 | D:3      | Reached XP level 5. HP: 24/33 MP: 5/5
  1886 | D:3      | Noticed Natasha
  1888 | D:3      | Noticed an ice beast
  2000 | D:3      | Killed Natasha
  2044 | D:3      | Noticed Natasha
  2067 | D:3      | Killed Natasha
  2068 | D:3      | Reached XP level 6. HP: 23/38 MP: 6/6
  2911 | D:4      | Identified the +3 rapier "Subeane" {venom, Int+3 Dex+3}
  3225 | D:3      | Noticed Natasha
  3230 | D:3      | Killed an ice beast
  3231 | D:3      | Reached skill level 5 in Maces & Flails
  3231 | D:3      | Reached XP level 7. HP: 32/44 MP: 7/7
  3239 | D:3      | Killed Natasha
  3549 | D:4      | Reached skill level 5 in Fighting
  3801 | D:4      | Found a shimmering blue altar of Sif Muna.
  3808 | D:4      | Got Sif Muna's Quarto of the Storm
  4494 | D:4      | Slain by an orc warrior

Illustrated notes

Levels and vault maps discovered:
D:1:      ncdulo_halloftheorcs, layout_rooms
D:2:      layout_rooms, kennysheep_decorative_pillar
D:3:      minmay_chambers_of_threes, layout_basic, kennysheep_nub,
          dreamdust_princess_bridge, minmay_misc_feat_tower, item_on_display_a,
          uniq_jessica, uniq_natasha
D:4:      layout_loops_ring, nzn_overflow_gifts_of_might_and_magic

Skill      XL: |  1  2  3  4  5  6  7 |
---------------+----------------------+-----
Maces & Flails | 3 4 5 |  5.6
Fighting       | 4 5 |  5.0
Shields        | 4 |  4.3
Armour         | 4 |  4.8
Throwing       | |  0.3
Dodging        | |  0.9

Action                     |  1- 3 |  4- 6 |  7- 9 || total
---------------------------+-------+-------+-------++-------
  Melee: Flail             |    97 |    37 |       ||   134
         Whip              |       |   315 |   165 ||   480
  Throw: Dart              |       |     8 |     4 ||    12
 Armour: Scale mail        |   111 |    79 |       ||   190
         Plate armour      |       |   240 |   123 ||   363
  Dodge: Dodged            |    75 |   134 |    33 ||   242
  Block: Buckler           |    20 |    75 |    36 ||   131
